Map: Lost and Found LE

Players

Elazer - Winner!

  • Race: Zerg Zerg
  • Spawn Location: 1:00

Zanster

  • Race: Zerg Zerg
  • Spawn Location: 7:00

Event: HomeStory Cup XVIII

VOD

Have the link to the VOD?

Description

Time

  • Played on: Nov. 22, 2018, 12:47 p.m.
  • Length: 8:36

All games in this series

Show
View Real Time Build Order
Export as new Build Order

Elazer Zerg - Winner!

Build Orders: Hatch First 

Get SALT Encoding   

  12  0:00  Drone  
  13  0:12  Overlord  
  13  0:16  Drone  
  14  0:30  Drone x2  
  16  0:48  Hatchery  
  15  0:51  Drone  
  15  0:54  Drone  
  17  0:57  Drone  
  18  1:08  Extractor  
  17  1:12  Spawning Pool  
  17  1:15  Drone  
  17  1:19  Drone  
  18  1:28  Drone  
  19  1:39  Drone  
  20  1:49  Drone  
  21  2:00  Queen x2  
  21  2:01  Drone, Overlord  
  26  2:09  Metabolic Boost  
  26  2:11  Drone  
  26  2:12  Zergling x2  
  28  2:21  Drone  
  28  2:22  Drone  
  30  2:32  Drone  
  30  2:33  Drone  
  32  2:38  Hatchery  
  32  2:43  Baneling Nest  
  30  2:45  Overlord  
  30  2:52  Drone  
  30  2:56  Drone x2  
  33  3:07  Drone  
  33  3:08  Drone  
  33  3:09  Drone x4  
  33  3:11  Overlord  
  39  3:16  Queen  
  39  3:19  Zergling x2  
  42  3:20  Zergling x2  
  42  3:22  Zergling x2  
  42  3:27  Baneling  
  44  3:31  Drone x2  
  44  3:32  Evolution Chamber  
  45  3:40  Drone x5  
  50  3:45  Drone x2  
  51  3:50  Overlord  
  51  3:54  Zergling x6  
  54  4:01  Zerg Missile Weapons Level 1  
  54  4:04  Zergling x4  
  54  4:05  Extractor, Drone  
  56  4:10  Baneling  
  56  4:13  Drone x4  
  56  4:14  Drone  
  61  4:17  Extractor, Lair  
  61  4:19  Overlord  
  61  4:23  Roach Warren  
  59  4:25  Drone x2  
  59  4:26  Drone  
  62  4:32  Overlord, Drone x2  
  62  4:33  Drone  
  65  4:39  Drone x2  
  65  4:45  Overlord  
  65  4:47  Drone  
  65  4:48  Drone  
  65  4:50  Drone x2  
  65  4:51  Extractor  
  65  4:52  Overlord  
  68  4:55  Drone x2  
  68  4:57  Drone, Hatchery  
  68  4:59  Extractor  
  69  5:00  Drone  
  69  5:08  Roach x3  
  69  5:09  Roach x2  
  79  5:14  Roach  
  79  5:15  Roach  
  79  5:18  Overlord  
  83  5:22  Glial Reconstitution  
  83  5:27  Overlord, Roach  
  83  5:28  Roach x4  
  93  5:30  Extractor  
  93  5:34  Overlord  
  93  5:42  Roach x6  
  105  5:46  Overlord  
  105  5:49  Roach x3  
  111  5:52  Roach  
  111  5:53  Roach  
  115  5:58  Overlord  
  115  5:59  Zerg Missile Weapons Level 2  
  119  6:04  Roach x3  
  119  6:06  Roach  
  123  6:16  Zergling x12  
  126  6:26  Zergling x12  
  126  6:30  Ravager x2  
  127  6:35  Zergling x14  
  127  6:39  Overlord  
  133  6:45  Zergling x4  
  135  6:48  Baneling x2  
  135  6:52  Ravager  
  135  6:53  Ravager  
  137  6:55  Baneling x5  
  137  6:56  Zergling x14  
  143  7:04  Zergling x16  
  143  7:09  Queen x3  
  143  7:15  Drone x3  
  136  7:21  Drone x5  
  130  7:29  Queen  
  113  7:42  Drone x7  
  106  7:45  Spore Crawler  
  106  7:47  Spore Crawler  
  106  7:48  Spore Crawler x2  
  106  7:50  Spore Crawler  
  92  8:07  Roach x7  
  100  8:21  Spore Crawler x2  
  100  8:23  Spore Crawler x2  
  100  8:24  Spore Crawler x2  
Show
View Real Time Build Order
Export as new Build Order

Zanster Zerg 

Build Orders: Hatch First 

Get SALT Encoding   

  12  0:00  Drone  
  13  0:13  Overlord  
  13  0:17  Drone  
  14  0:31  Drone x2  
  16  0:47  Hatchery  
  15  0:51  Drone  
  15  0:55  Drone  
  17  0:58  Drone  
  18  1:10  Extractor  
  17  1:13  Spawning Pool  
  17  1:16  Drone  
  17  1:20  Drone  
  18  1:29  Drone  
  20  1:40  Drone  
  20  1:53  Drone  
  21  2:00  Queen x2  
  25  2:03  Overlord  
  25  2:09  Drone  
  25  2:11  Drone  
  25  2:12  Drone  
  25  2:13  Metabolic Boost  
  28  2:22  Drone x2  
  30  2:31  Drone  
  30  2:32  Drone  
  32  2:41  Hatchery  
  32  2:43  Zergling x4  
  33  2:48  Baneling Nest  
  32  2:52  Overlord  
  32  2:54  Drone  
  33  3:01  Queen  
  33  3:04  Drone  
  36  3:11  Drone x3  
  36  3:12  Drone  
  40  3:14  Zergling x2  
  40  3:16  Zergling x2  
  42  3:20  Overlord  
  42  3:23  Drone  
  42  3:25  Drone  
  44  3:35  Evolution Chamber  
  44  3:36  Drone  
  44  3:42  Drone x6  
  44  3:47  Drone  
  44  3:48  Overlord  
  50  3:49  Drone  
  50  3:53  Overlord  
  51  4:00  Lair  
  51  4:04  Extractor, Zerg Ground Armor Level 1  
  51  4:05  Extractor  
  51  4:06  Drone  
  51  4:07  Drone  
  51  4:09  Drone  
  52  4:13  Baneling  
  52  4:14  Zergling x6  
  55  4:20  Zergling x8  
  55  4:21  Baneling  
  59  4:28  Overlord  
  59  4:29  Baneling  
  59  4:33  Baneling  
  59  4:37  Drone x6  
  59  4:38  Overlord  
  65  4:40  Baneling  
  64  4:47  Drone  
  64  4:48  Drone x6  
  64  4:49  Drone  
  64  4:51  Drone  
  73  4:56  Drone  
  73  4:57  Drone  
  73  4:59  Overlord  
  75  5:04  Extractor x2  
  75  5:05  Extractor  
  72  5:08  Zergling x2  
  72  5:10  Drone, Roach Warren  
  73  5:14  Drone x3  
  76  5:22  Spire  
  76  5:24  Drone x5  
  79  5:28  Overlord  
  79  5:34  Zergling x10  
  79  5:35  Zergling x2  
  84  5:37  Hatchery  
  84  5:40  Zergling x2  
  84  5:41  Zergling x4  
  86  5:46  Overlord  
  86  5:50  Overlord  
  86  5:55  Zergling x8  
  90  5:59  Zergling x2  
  90  6:00  Zergling x2  
  92  6:05  Overlord  
  91  6:15  Zergling x2  
  91  6:16  Zergling x16  
  98  6:26  Overlord  
  95  6:34  Mutalisk  
  95  6:35  Mutalisk x7  
  95  6:38  Mutalisk  
  112  6:40  Mutalisk x3  
  112  6:43  Mutalisk  
  112  6:46  Overlord  
  112  6:54  Zergling x2  
  112  6:55  Queen x2, Zergling x10  
  112  6:58  Baneling x3  
  91  7:09  Mutalisk  
  91  7:10  Mutalisk x2  
  91  7:15  Drone x6  
  88  7:17  Drone  
  88  7:20  Drone  
  88  7:21  Drone  
  56  7:30  Drone  
  51  7:42  Drone  
  48  7:44  Drone  
  47  7:58  Drone  
  44  8:11  Drone  
  43  8:21  Drone  
Tags
 
Add a new tag
Caveats
  • Supply blocks, unpowered buildings, or Contaminate may cause inaccurate times.
  • Supply counts are checked every 10 seconds.